Map: Lost and Found LE

Players

Richard

  • Race: Zerg Zerg
  • League: Master
  • Spawn Location: 7:00

A.I. 1 (Very Easy) - Winner!

  • Race: Protoss Protoss
  • Spawn Location: 1:00

VOD

Have the link to the VOD?

Description

Time

  • Played on: Oct. 23, 2018, 3:16 p.m.
  • Length: 8:04
Show
View Real Time Build Order
Export as new Build Order

Richard Zerg 

Build Orders: 3 Hatch before Pool 

Get SALT Encoding   

  12  0:01  Drone  
  13  0:12  Overlord  
  13  0:16  Drone  
  14  0:31  Drone x2  
  16  0:49  Hatchery  
  15  0:52  Drone  
  15  0:56  Drone  
  17  0:59  Drone  
  18  1:20  Hatchery  
  18  1:23  Drone  
  18  1:27  Extractor  
  17  1:37  Spawning Pool  
  16  1:41  Drone  
  16  1:44  Drone  
  16  1:46  Drone  
  19  1:52  Drone  
  20  2:01  Drone  
  21  2:03  Drone  
  22  2:12  Drone  
  23  2:24  Queen x2  
  23  2:26  Zergling x2  
  23  2:29  Overlord  
  28  2:33  Drone  
  28  2:35  Drone  
  30  2:43  Metabolic Boost  
  30  2:46  Drone x2  
  30  2:49  Drone x2  
  34  2:54  Overlord  
  34  2:57  Drone  
  35  3:00  Drone  
  35  3:05  Queen  
  38  3:08  Drone  
  38  3:09  Drone  
  38  3:12  Drone  
  41  3:14  Zergling x2  
  41  3:16  Drone  
  41  3:17  Drone  
  44  3:20  Overlord  
  44  3:28  Drone x2  
  44  3:30  Drone  
  47  3:35  Drone x3  
  50  3:48  Drone x2  
  52  3:49  Overlord  
  52  3:50  Queen  
  52  3:53  Extractor x2  
  52  3:55  Roach Warren  
  52  3:56  Queen  
  52  4:00  Drone  
  52  4:01  Drone x3  
  57  4:03  Lair  
  57  4:07  Drone  
  57  4:08  Overlord  
  57  4:09  Overlord  
  57  4:13  Drone  
  57  4:14  Drone  
  57  4:16  Drone x3  
  62  4:21  Overlord  
  62  4:25  Drone x3  
  62  4:31  Drone, Spore Crawler  
  65  4:33  Drone, Spore Crawler  
  65  4:36  Drone, Spore Crawler  
  65  4:38  Drone  
  65  4:39  Drone x3  
  65  4:43  Roach x2  
  73  4:48  Overlord  
  73  4:51  Roach x2  
  79  5:00  Roach x2  
  79  5:02  Overlord x2  
  79  5:04  Overseer  
  81  5:09  Overlord x2  
  81  5:11  Extractor  
  81  5:12  Roach x2  
  81  5:13  Zergling x8  
  88  5:20  Zergling x2  
  89  5:28  Queen  
  91  5:35  Zergling x10  
  95  5:36  Zergling x4  
  95  5:41  Drone x3  
  101  5:45  Extractor  
  100  5:50  Spire  
  100  5:51  Drone  
  100  5:53  Drone x4  
  100  5:56  Extractor  
  103  5:58  Drone  
  103  6:01  Overlord x3  
  103  6:03  Roach  
  103  6:04  Roach x2  
  110  6:10  Overlord x2, Hatchery  
  110  6:11  Overlord, Glial Reconstitution  
  109  6:20  Drone x3  
  109  6:24  Roach x4  
  120  6:40  Roach x4  
  128  7:01  Mutalisk x5  
  128  7:02  Mutalisk x2  
  128  7:05  Zergling x10  
  147  7:12  Zergling x2  
  148  7:21  Spine Crawler  
  148  7:22  Spine Crawler  
  146  7:23  Spine Crawler  
  146  7:24  Drone x6  
  146  7:25  Drone x3, Spine Crawler  
  146  7:26  Spine Crawler  
  146  7:28  Spine Crawler  
  151  7:31  Overlord x2  
  151  7:32  Mutalisk x2  
  151  7:34  Spine Crawler x2  
  151  7:35  Zergling x4  
  151  7:36  Spine Crawler  
  154  7:40  Ravager  
  154  7:41  Ravager x3  
  158  7:45  Overlord  
  158  7:46  Overlord  
Show
View Real Time Build Order
Export as new Build Order

A.I. 1 (Very Easy) Protoss - Winner!

Build Orders: 1 Gate Expand, Nexus First 

Get SALT Encoding   

  12  0:00  Probe  
  13  0:13  Probe  
  14  0:20  Pylon  
  14  0:42  Gateway  
  14  1:00  Nexus  
  14  1:20  Pylon  
  14  1:21  Zealot  
  14  1:23  Assimilator  
  16  1:36  Cybernetics Core  
  16  1:38  Probe  
  17  1:50  Probe  
  18  2:00  Probe, Assimilator  
  18  2:05  Stalker  
  19  2:08  Probe  
  22  2:17  Probe  
  23  2:23  Probe  
  24  2:32  Probe  
  25  2:39  Probe  
  25  2:42  Warp Gate  
  26  2:47  Probe  
  26  2:49  Assimilator  
  26  2:51  Pylon  
  27  2:54  Probe  
  28  2:59  Probe  
  29  3:07  Probe  
  29  3:12  Probe  
  30  3:15  Robotics Facility  
  31  3:24  Zealot  
  33  3:28  Probe  
  34  3:37  Probe  
  35  3:45  Probe  
  36  3:52  Probe  
  37  3:59  Probe, Observer  
  38  4:06  Probe  
  40  4:10  Probe  
  40  4:15  Observer  
  41  4:17  Assimilator  
  41  4:20  Probe  
  41  4:23  Probe  
  44  4:35  Probe  
  44  4:36  Stalker  
  47  4:38  Pylon  
  47  4:42  Probe  
  48  4:49  Probe  
  49  4:56  Probe  
Tags
 
Add a new tag
Caveats
  • Supply blocks, unpowered buildings, or Contaminate may cause inaccurate times.
  • Supply counts are checked every 10 seconds.